 Dungeon Sprint DCSS version 0.01-2115-ge649c80b0b (webtiles) character file.

Game seed: 4422590083404154201, levelgen mode: deterministic

18725 Lanoc the Green Draconian Aeon (level 12, -11/133 HPs) Green Draconian Demonspawn. Began on June 7, 2020. Was the Champion of Cheibriados. Killed from afar by an ice dragon (23 damage) ... with a blast of cold ... in the Dungeon (Sprint IX: "|||||||||||||||||||||||||||||"). The game lasted 00:11:23 (1819 turns).

Lanoc the Green Draconian Aeon (DrDs)               Turns: 1819, Time: 00:11:24

Health: -11/133    AC: 13    Str: 31    XL:     12 ^: 11283
Magic:  0/26       EV: 38    Int: 29    God:    Cheibriados [****** (200)]
Gold:   756        SH:  0    Dex: 30    Spells: 15/16 levels left

rFire    . . .     Vision   +   a - +0 long sword
rCold    . . .     Gourm    .   p - +2 scimitar "Bauw Elu" {slice, rPois MR+}
rNeg     . . .     Faith    .   (armour unavailable)
rPois    +         Spirit   +   (helmet unavailable)
rElec    .         Reflect  .   s - +0 cloak
rCorr    .         Harm     .   o - +0 pair of gloves
MR       ++...     NoTele   +   A - +1 pair of boots
Stlth    +++.......             (no amulet)
HPRegen  0.54/turn              m - ring of evasion
MPRegen  0.72/turn              z - ring of protection from magic

@: short of breath, very slow
A: no body armour, unfitting armour, antennae 3, repulsion field 2, magic
shield, magic regeneration, cold-blooded, boosted bows aptitude, boosted stealth
aptitude, poison enhancer 1, rPois, AC +9
a: Breathe Noxious Fumes, Bend Time, Temporal Distortion, Slouch, Step From
Time, Renounce Religion


You were in the Dungeon.
You worshipped Cheibriados.
Cheibriados was exalted by your worship.
You were not hungry.

You visited 1 branch You collected 1857 gold pieces.
You spent 1101 gold pieces at shops.

Inventory:

Weapons
 a - a +0 long sword (weapon)
 p - the +2 scimitar "Bauw Elu" (weapon) {slice, rPois MR+}
   (You found it in the Dungeon)

   It inflicts extra damage upon your enemies.
   It protects you from poison.
   It affects your resistance to hostile enchantments.
 u - a +1 longbow
 y - the cursed +4 falchion of Viom {freeze, Int+7, (Curse: *Slow)}
   (You bought it in a shop in the Dungeon)

   It has been specially enchanted to freeze those struck by it, causing extra
   injury to most foes and up to half again as much damage against particularly
   susceptible opponents.
   It can also slow down cold-blooded creatures.
   It affects your intelligence (+7).
   It has a curse placed upon it.
   { (Curse: *Slow)}
Armour
 o - a +0 pair of gloves (worn)
 s - a +0 cloak (worn)
 A - a +1 pair of boots (worn)
Jewellery
 m - a ring of evasion (left hand)
 n - an uncursed ring of evasion
 z - a ring of protection from magic (right hand)
Wands
 b - a wand of polymorph (1)
 l - a wand of iceblast (10)
 t - a wand of flame (1)
Scrolls
 f - 8 scrolls of enchantment
 i - 4 scrolls of blinking
 j - 4 scrolls of bless item
 k - 2 scrolls of amnesia
 C - a scroll of fog
Potions
 d - 7 potions of curing
 g - 3 potions of magic
 h - a potion of invisibility
 q - a potion of mutation
 r - a potion of might
 v - a potion of lignification
 w - a potion of cancellation
 x - a potion of agility
 B - 2 potions of heal wounds
Comestibles
 c - 10 rations


   Skills:
 + Level 20.1 Fighting
 - Level 1.5 Long Blades
 + Level 15.1 Dodging
 - Level 2.0 Stealth
 - Level 2.6 Spellcasting
 + Level 20.3 Invocations


You had 15 spell levels left.
You knew the following spells:

 Your Spells              Type           Power        Failure   Level  Hunger
a - Flame Tongue          Fire           3 (40)       8%          1    None

Your spell library contained the following spells:

 Spells                   Type           Power        Failure   Level  Hunger
 Blink                    Tloc           N/A          12%         2    ##.....
 Call Imp                 Summ           3 (100)      12%         2    ##.....
 Slow                     Hex            3 (100)      12%         2    ##.....
 Conjure Flame            Fire           3 (100)      24%         3    ###....
 Mephitic Cloud           Pois/Air       5 (100)      24%         3    ###....


Dungeon Overview and Level Annotations

Branches:
Dungeon (1/1)

Altars:
Cheibriados
Dithmenos
Elyvilon
Fedhas
Gozag
Hepliaklqana
Kikubaaqudgha
Makhleb
Nemelex Xobeh
Okawaru
Qazlal
Ru
Sif Muna
Trog
Uskayaw
Vehumet
Wu Jian
Xom
Yredelemnul
Zin
The Shining One
Beogh
Jiyva
Lugonu

Shops:
D [**}


Innate Abilities, Weirdness & Mutations

You cannot fit into any form of body armour.
Your lurid green scales are hard. (AC +9)
You can breathe clouds of noxious fumes.
You have a pair of large antennae on your head. (+Vis)
You are surrounded by a moderate repulsion field. (EV +3)
When hurt, damage is shared between your health and your magic reserves.
You regenerate magic rapidly.
You are cold-blooded and may be slowed by cold attacks.
You are naturally skilled at Bows (Aptitude +3).
You are naturally skilled at Stealth (Aptitude +3).
You are in touch with the powers of venom.
Your lurid green scales grant you resistance to poison. (rPois)


Message History

You riposte.
You hit the ice dragon but do no damage.
The ice dragon is heavily wounded. (39/85) HP The ice dragon completely misses you (0).
The ice dragon closely misses you (0).
The stone giant is engulfed in noxious fumes.
The stone giant appears confused.
The ice dragon completely misses you (0).
The ice dragon closely misses you (0). The ice dragon barely misses you (0).
The stone giant is engulfed in noxious fumes.
The stone giant gestures wildly.
Unknown command.
You slash the ice dragon (8)!
The ice dragon is severely wounded. (31/85) HP You slash the ice dragon (16)!
You tail-slap the ice dragon, but do no damage.
The ice dragon is almost dead. (11/85) HP The ice dragon breathes frost at you.
The blast of cold hits you (31)!!
You die...

,*,*,*,*,*,*{*,▓.▓.▓)▓.▓.▓.▓_▓
,*,*,*,*,*,*{*,▓.▓.▓.▓.▓†▓.▓_▓
,*,*,*,*,*,*{*,▓!▓.▓.▓.▓†▓.▓_▓
+*,*,*,*,*,*+*,▓.▓.▓.▓.▓.▓.▓_▓
,*,*,*,*+*,*{*,▓!▓.▓.▓.▓.▓.▓_▓
,*,*,*,*,*,*{*,▓.▓.▓.▓.▓.▓.▓_▓
,*,*,*,*,*,*{*,▓.▓.▓.▓.▓.▓.▓_▓
,*,*,*,*,*,*{*,▓.▓.▓.▓.▓.▓.▓_▓
,*,*,*,*,*,*{*,▓@▓.▓'▓.▓.▓.▓_▓
,*,*,*,*,*,*{*,▓D▓.▓)▓.▓'▓.▓'▓
,*,*,*,*,*,*{*,▓C▓.▓)▓.▓÷▓.▓.▓
,*,*,*,*,*,*{*,▓°▓.▓)▓.▓÷▓.▓.▓
,*,*,*,*,*,*{*,▓†▓.▓.▓.▓†▓.▓}▓
,*,*,*,*,*,*+*{▓)▓.▓.▓.▓†▓.▓)▓
,*,*,*,*,*,*{*{▓[▓.▓∩▓.▓.▓.▓[▓
,*,*,*,*,*,*{*{▓.▓.▓.▓.▓.▓.▓.▓
,*,*,*,*,*,*,*{▓.▓.▓∩▓.▓.▓.▓[▓


You could see an ice dragon and a stone giant (confused).

Vanquished Creatures
  A very ugly thing (D)
  2 ettins (D)
  A fire dragon (D)
  2 great orbs of eyes (D)
  A hydra (D)
  9 orc high priests (D)
  An unseen horror (D)
  A centaur warrior (D)
  An ugly thing (D)
  4 orc knights (D)
  A manticore (D)
  2 orc sorcerers (D)
  8 elephants (D)
  A spiny frog (D)
  A gargoyle (D)
  A komodo dragon (D)
  2 cyclopes (D)
  2 hippogriffs (D)
  An acid dragon (D)
  A basilisk (D)
  A hungry ghost (D)
  A soldier ant (shapeshifter) (D)
  3 water moccasins (D)
  5 porcupines (D)
  An ice beast (D)
  A sky beast (D)
  6 orc warriors (D)
  4 crocodiles (D)
  3 bullfrogs (D)
  A centaur (D)
  2 scorpions (D)
  A hound (D)
  7 orc priests (D)
  5 orc wizards (D)
  A worker ant (D)
  A shadow imp (D)
  A cinder newt (D)
  5 orcs (D)
  A giant cockroach (D)
  2 goblins (D)
  A hobgoblin (D)
  A jackal (D)
  A butterfly (D)
98 creatures vanquished.

Notes
Turn   | Place    | Note
-------+----------+-------------------------------------------
     0 | D        | Lanoc the Immature Draconian Demonspawn began the quest for
                  | the Orb.
     0 | D        | Reached XP level 1. HP: 18/18 MP: 4/4
    15 | D        | Gained mutation: You have a pair of small antennae on your
                  | head. [demonic ancestry]
    15 | D        | Reached XP level 2. HP: 25/27 MP: 5/5
    21 | D        | Noticed a porcupine
    25 | D        | Reached skill level 5 in Fighting
    25 | D        | Gained mutation: You are surrounded by a mild repulsion
                  | field. (EV +2) [demonic ancestry]
    25 | D        | Reached XP level 3. HP: 21/36 MP: 7/7
    33 | D        | Killed a porcupine
    33 | D        | Gained mutation: You are surrounded by a moderate repulsion
                  | field. (EV +3) [demonic ancestry]
    33 | D        | Reached XP level 4. HP: 23/48 MP: 8/8
    33 | D        | Gained mutation: When hurt, damage is shared between your
                  | health and your magic reserves. [demonic ancestry]
    33 | D        | Reached XP level 5. HP: 25/53 MP: 9/9
    65 | D        | Found a roughly hewn altar of Beogh.
    65 | D        | Found a snail-covered altar of Cheibriados.
    65 | D        | Found a shadowy altar of Dithmenos.
    65 | D        | Found a white marble altar of Elyvilon.
    65 | D        | Found a blossoming altar of Fedhas.
    65 | D        | Found an opulent altar of Gozag.
    70 | D        | Found a hazy altar of Hepliaklqana.
    71 | D        | Found a viscous altar of Jiyva.
    72 | D        | Found an ancient bone altar of Kikubaaqudgha.
    73 | D        | Found a corrupted altar of Lugonu.
   161 | D        | Found a burning altar of Makhleb.
   162 | D        | Found a sparkling altar of Nemelex Xobeh.
   163 | D        | Found an iron altar of Okawaru.
   164 | D        | Found a stormy altar of Qazlal.
   165 | D        | Found a sacrificial altar of Ru.
   166 | D        | Found a shimmering blue altar of Sif Muna.
   167 | D        | Found a bloodstained altar of Trog.
   168 | D        | Found a hide-covered altar of Uskayaw.
   169 | D        | Found a radiant altar of Vehumet.
   170 | D        | Found an ornate altar of the Wu Jian Council.
   171 | D        | Found a shimmering altar of Xom.
   172 | D        | Found a basalt altar of Yredelemnul.
   173 | D        | Found a glowing silver altar of Zin.
   174 | D        | Found a glowing golden altar of the Shining One.
   211 | D        | Got the +2 scimitar "Bauw Elu" {slice, rPois MR+}
   270 | D        | Became a worshipper of Cheibriados the Contemplative
   303 | D        | Noticed a sky beast
   303 | D        | Noticed a hungry ghost
   308 | D        | Reached * piety under Cheibriados
   308 | D        | Reached skill level 10 in Fighting
   308 | D        | Reached XP level 6. HP: 66/66 MP: 10/10
   316 | D        | Killed a hungry ghost
   319 | D        | Reached ** piety under Cheibriados
   319 | D        | Your scales start taking on a lurid green colour.
   319 | D        | Reached XP level 7. HP: 63/75 MP: 11/11
   319 | D        | Gained mutation: You regenerate magic rapidly. [demonic
                  | ancestry]
   319 | D        | Gained mutation: Your lurid green scales grant you
                  | resistance to poison. (rPois) [Green Draconian growth]
   319 | D        | Gained mutation: You are in touch with the powers of venom.
                  | [Green Draconian growth]
   338 | D        | Noticed a gargoyle
   338 | D        | Noticed a manticore
   338 | D        | Noticed a cyclops
   345 | D        | Killed a gargoyle
   345 | D        | Killed a manticore
   345 | D        | Reached *** piety under Cheibriados
   345 | D        | Gained mutation: You have a pair of antennae on your head.
                  | [demonic ancestry]
   345 | D        | Reached XP level 8. HP: 70/86 MP: 9/12
   346 | D        | Reached skill level 10 in Dodging
   350 | D        | Killed a cyclops
   352 | D        | Reached **** piety under Cheibriados
   466 | D        | Noticed a spiny frog
   472 | D        | Reached ***** piety under Cheibriados
   472 | D        | Reached skill level 5 in Invocations
   475 | D        | Killed a spiny frog
   479 | D        | Reached XP level 9. HP: 65/96 MP: 10/14
   481 | D        | Reached ****** piety under Cheibriados
   560 | D        | Reached skill level 15 in Fighting
   561 | D        | Noticed a komodo dragon
   564 | D        | Reached skill level 10 in Invocations
   569 | D        | Killed a komodo dragon
   579 | D        | Noticed an elephant
   579 | D        | Noticed an elephant
   579 | D        | Noticed an elephant
   579 | D        | Noticed an elephant
   579 | D        | Noticed an elephant
   579 | D        | Noticed an elephant
   580 | D        | Noticed an elephant
   586 | D        | Killed an elephant
   588 | D        | Killed an elephant
   589 | D        | Noticed an elephant
   590 | D        | Killed an elephant
   594 | D        | Killed an elephant
   594 | D        | Gained mutation: You are naturally skilled at Bows
                  | (Aptitude +3). [draconic bloodline]
   594 | D        | Reached XP level 10. HP: 107/107 MP: 19/19
   596 | D        | Killed an elephant
   600 | D        | Killed an elephant
   607 | D        | Killed an elephant
   770 | D        | Noticed an ettin
   778 | D        | Killed an ettin
   814 | D        | Noticed an orc knight
   814 | D        | Noticed an orc sorcerer
   814 | D        | Noticed an orc knight
   814 | D        | Noticed an orc knight
   815 | D        | Noticed an orc high priest
   818 | D        | Killed an orc knight
   820 | D        | Killed an orc sorcerer
   820 | D        | Reached skill level 15 in Invocations
   820 | D        | Noticed an orc sorcerer
   821 | D        | Killed an orc knight
   822 | D        | Noticed an orc knight
   824 | D        | Noticed a sixfirhy
   826 | D        | Killed an orc knight
   826 | D        | Killed an orc sorcerer
   826 | D        | Reached XP level 11. HP: 99/118 MP: 20/22
   833 | D        | Killed an orc high priest
   976 | D        | Found Zugua's Antique Armour Emporium.
   976 | D        | Noticed an orc high priest
   976 | D        | Noticed an orc high priest
   977 | D        | Noticed an orc high priest
   981 | D        | Found Xoal's Assorted Antiques.
   981 | D        | Noticed an orc high priest
   983 | D        | Killed an orc high priest
   991 | D        | Noticed a sixfirhy
  1013 | D        | Killed an orc high priest
  1021 | D        | Noticed an orc high priest
  1024 | D        | Killed an orc high priest
  1028 | D        | Killed an orc high priest
  1029 | D        | HP: 4/121 [orc high priest/divine providence (8)]
  1040 | D        | Killed an orc high priest
  1283 | D        | Found Lujus's Assorted Antiques.
  1286 | D        | Found Fumm's Gadget Shoppe.
  1289 | D        | Noticed an orc high priest
  1290 | D        | Noticed an orc high priest
  1291 | D        | Noticed an orc high priest
  1301 | D        | Noticed a soul eater
  1311 | D        | Killed an orc high priest
  1314 | D        | Killed an orc high priest
  1319 | D        | Killed an orc high priest
  1347 | D        | Bought the +3 hat of Pondering {ponderous, MR+ MP+10 Int+5}
                  | for 762 gold pieces
  1347 | D        | Found the +3 hat of Pondering {ponderous, MR+ MP+10 Int+5}
  1349 | D        | Bought an emerald potion for 26 gold pieces
  1349 | D        | Bought a scroll labeled SIEKLO RAOPPUS for 29 gold pieces
  1349 | D        | Bought a red potion for 26 gold pieces
  1352 | D        | Bought a bubbling green potion for 26 gold pieces
  1352 | D        | Bought a translucent falchion {freeze} for 232 gold pieces
  1352 | D        | Identified the cursed +4 falchion of Viom {freeze, Int+7,
                  | (Curse: *Slow)} (You bought it in a shop in the Dungeon)
  1670 | D        | Noticed a four-headed hydra
  1670 | D        | Noticed a centaur warrior
  1670 | D        | Noticed a great orb of eyes
  1670 | D        | Noticed a brown ugly thing
  1680 | D        | Killed a 19-headed hydra
  1681 | D        | Noticed a green very ugly thing
  1687 | D        | Killed a centaur warrior
  1688 | D        | Noticed a fire dragon
  1689 | D        | Killed a great orb of eyes
  1692 | D        | Noticed an ettin
  1696 | D        | Killed a brown ugly thing
  1696 | D        | Gained mutation: You are naturally skilled at Stealth
                  | (Aptitude +3). [draconic bloodline]
  1696 | D        | Gained mutation: You have a pair of large antennae on your
                  | head. (+Vis) [demonic ancestry]
  1696 | D        | Reached XP level 12. HP: 32/130 MP: 23/25
  1696 | D        | Noticed a great orb of eyes
  1705 | D        | Killed a fire dragon
  1707 | D        | Killed a green very ugly thing
  1707 | D        | Reached skill level 15 in Dodging
  1726 | D        | Noticed an ice dragon
  1728 | D        | Noticed a stone giant
  1810 | D        | Killed an ettin
  1812 | D        | Killed a great orb of eyes
  1819 | D        | Killed from afar by an ice dragon

Levels and vault maps discovered:
D:        linesprint [early_d, line_temple, items_1, d_10, items_2, lair_1,
          lair_end, items_3, orc_1, orc_end, items_4, d_15, swamp_1, shoals_1,
          snake_1, spider_1, d_20, vaults_1, items_5, swamp_end, shoals_end,
          snake_end, spider_end, vaults_end, d_27, items_6, zot_1, zot_end,
          crypt_end, forest_end, elf_end, slime_end, tomb_end, abyss_end,
          pan_hell_end]

Skill      XL: |  1  2  3  4  5  6  7  8  9 10 11 12 |
---------------+-------------------------------------+-----
Fighting       | 4 5 8 10 11 13 14 16 17 19 20 | 20.1
Dodging        | 3 4 6 7 8 9 11 12 13 14 15 | 15.1
Invocations    | 7 12 15 19 20 | 20.3
Stealth        | 2 |  2.0
Long Blades    | |  1.5
Spellcasting   | |  2.6

Action                   |  1- 3 |  4- 6 |  7- 9 | 10-12 || total
-------------------------+-------+-------+-------+-------++-------
Melee: Long sword        |    21 |    18 |    43 |   137 ||   219
       Unarmed           |    17 |     1 |       |       ||    18
       Tailslap          |     1 |     5 |    14 |    62 ||    82
       Scimitar          |       |    14 |    38 |   128 ||   180
Invok: Slouch            |       |       |       |     3 ||     3
 Abil: Breathe Noxious F |       |       |     5 |    15 ||    20
  Use: Potion            |     1 |       |       |     4 ||     5
       Scroll            |       |       |       |     2 ||     2
 Stab: Confused          |       |       |    19 |    35 ||    54
       Sleeping          |       |       |     2 |       ||     2
  Eat: Chunk             |       |       |       |     4 ||     4
       Ration            |       |       |       |     1 ||     1
Armor: Skin              |     4 |     2 |     4 |    25 ||    35
Dodge: Dodged            |    20 |    18 |    70 |   305 ||   413
       Rpst.: Unarmed    |     7 |       |       |       ||     7
       Long sword        |     6 |     2 |    15 |    57 ||    80
       Scimitar          |       |     4 |    19 |    49 ||    72
